 Dungeon Crawl Stone Soup version 0.18-a0-1639-g7533f42 (webtiles) character file.

16008 syage the Cleaver (level 12, -14/105 HPs)
             Began as a Minotaur Fighter on Mar 27, 2016.
             Was an Elder of Okawaru.
             Demolished by an ice devil (19 damage)
             ... in an ice cave.
             The game lasted 00:52:01 (11360 turns).

syage the Cleaver (Minotaur Fighter)               Turns: 11360, Time: 00:52:02

Health: -14/105    AC: 24    Str: 25    XL:     12   Next: 6%
Magic:  0/9        EV: 10    Int: 11    God:    Okawaru [****..]
Gold:   598        SH: 14    Dex: 11    Spells: 0 memorised, 11 levels left

rFire  . . .     SeeInvis .     Q - +2 broad axe
rCold  . . .     Gourm    .     Z - +3 plate armour {rF+}
rNeg   . . .     Faith    .     c - +2 shield
rPois  +         Spirit   +     (helmet restricted)
rElec  .         Dismiss  .     l - +2 cloak
rCorr  .         Reflect  .     R - +0 pair of gloves
SustAt .         Harm     .     s - +0 pair of boots
MR     .....                    q - amulet "Fuconk" {Spirit rPois rC- Int+2 Stlth+}
Stlth  ..........               M - +2 ring of intelligence
                                i - ring of ice

@: not resistant to hostile enchantments, extremely unstealthy
A: retaliatory headbutt, horns 2, clever 1, low mp 1, sense surroundings 1,
screaming 1, no device heal 1, MP-powered wands
a: Heroism, Renounce Religion


You were in an ice cave.
You worshipped Okawaru.
Okawaru was greatly pleased with you.
You were very hungry.

You visited 3 branches of the dungeon, and saw 15 of its levels.
You also visited: Ice Cave.

You collected 598 gold pieces.

Inventory:

Hand Weapons
 a - a +2 great sword of freezing
 y - a +2 great sword of freezing
 Q - a +2 broad axe (weapon)
 Y - a +0 demon trident
Armour
 c - a +2 shield (worn)
 l - a +2 cloak (worn)
 s - a +0 pair of boots (worn)
 R - a +0 pair of gloves (worn)
 Z - a +3 plate armour of fire resistance (worn)
Jewellery
 i - a ring of ice (left hand)
 q - the amulet "Fuconk" (around neck) {Spirit rPois rC- Int+2 Stlth+}
   (You found it on level 2 of the Lair of Beasts)

   [amulet of guardian spirit]

   It causes incoming damage to be split between your health and magic.
   It affects your intelligence (+2).
   It makes you vulnerable to cold.
   It protects you from poison.
   It makes you more stealthy.
 t - an uncursed ring of protection from fire
 F - a +1 ring of evasion
 I - an uncursed amulet of faith
 M - a +2 ring of intelligence (right hand)
Wands
 o - a wand of flame (23/48)
 K - a wand of lightning (11/15)
 N - a wand of polymorph (9/24)
 S - a wand of teleportation (8/9)
Scrolls
 b - a scroll of enchant armour
 h - 3 scrolls of teleportation
 n - a scroll of fear
 r - 3 scrolls of identify
 u - a scroll of recharging
 v - 5 scrolls of remove curse
 G - 2 scrolls of magic mapping
Potions
 d - 4 potions of might
 e - a potion of heal wounds
 j - 3 potions of cancellation {unknown}
 k - 2 potions of degeneration {unknown}
 p - 6 potions of flight {unknown}
 x - 3 potions of curing
 C - 3 potions of cure mutation {unknown}
 E - 3 potions of lignification {unknown}
 H - 2 potions of brilliance {unknown}
 L - 3 potions of resistance {unknown}
Miscellaneous
 O - a plain deck of summoning
Comestibles
 f - 11 bread rations
 g - a royal jelly
 m - 8 meat rations
 w - 2 beef jerkies


   Skills:
 + Level 9.6 Fighting
 * Level 13.9 Axes
 + Level 10.2 Armour
 + Level 9.6 Dodging
 - Level 1.2 Stealth
 + Level 9.3 Shields


You had 11 spell levels left.
You didn't know any spells.

Dungeon Overview and Level Annotations

Branches:
Dungeon (12/15)            Temple (1/1) D:6            Lair (2/8) D:11
    Orc (0/2) D:11

Altars:
Ashenzari
Cheibriados
Dithmenos
Elyvilon
Fedhas
Gozag
Kikubaaqudgha
Makhleb
Nemelex Xobeh
Okawaru
Pakellas
Qazlal
Ru
Sif Muna
Trog
Vehumet
Xom
Yredelemnul
Zin
The Shining One
Beogh
Jiyva

Shops:
D:6 }   D:9 [


Innate Abilities, Weirdness & Mutations

You reflexively headbutt those who attack you in melee.
You have a pair of horns on your head.
Your mind is acute. (Int +2)
Your magical capacity is low (-10% MP).
You passively map a small area around you.
You occasionally shout uncontrollably at your foes.
Potions and wands are less effective at restoring your health.
You expend magic power (3 MP) to strengthen your wands.


Message History

You closely miss the ice devil.
The ice devil is moderately wounded.
The ice devil hits you but does no damage.
You barely miss the ice devil.
The ice devil is moderately wounded.
The ice devil hits you but does no damage.
You hit the ice devil.
The ice devil is moderately wounded.
The ice devil hits you but does no damage.
You slash the ice devil!
The ice devil is heavily wounded.
You barely miss the ice devil.
The ice devil is heavily wounded.
You block the ice devil's attack.
You slash the ice devil! You headbutt the ice devil.
The ice devil is almost dead.
The ice devil hits you!
* * * LOW HITPOINT WARNING * * *
The ice devil freezes you!!
You die...

###....###
###........##
##§...###....##
###§§§###.###...#
##§§####§.§.##§..#
#.§§##§§§§§##..#####
#§§###§§§§§.......#.
##§§.##§§§##........
##@4.###########...
##...#* ≈ ≈ ####
##..§#* * ≈ # #§§§§,
* ≈ *,.§§§ , * .§.,
* , , ## * * , , , ,
* ,


You could see an ice devil.

Vanquished Creatures
  A hydra (Lair:1)
  3 hill giants (D:11)
  2 ice statues (IceCv)
  A gargoyle (D:11)
  2 komodo dragons
  A kobold demonologist (D:11)
  3 ice devils (IceCv)
  3 trolls (D:9)
  A two-headed ogre (D:10)
  A tarantella (shapeshifter) (D:10)
  2 wyverns
  10 yaks
  4 hippogriffs
  A hungry ghost (D:9)
  Duvessa (D:4)
  2 porcupines
  3 water moccasins
  2 black bears
  5 orc warriors
  3 sky beasts
  14 ice beasts
  7 ogres
  A phantom (D:8)
  4 centaurs
  5 wolves (Lair:1)
  5 crocodiles
  4 big kobolds
  10 giant frogs
  A gnoll sergeant (D:6)
  Dowan (D:4)
  A wyvern skeleton (D:9)
  6 scorpions
  9 killer bees (D:11)
  3 wights (D:9)
  A howler monkey (D:11)
  3 crimson imps
  4 jellies
  3 giant frog zombies
  4 hounds
  9 orc wizards
  6 orc priests
  A centaur skeleton (D:8)
  5 iguanas
  3 worker ants
  A hound zombie (D:7)
  2 hound skeletons
  2 howler monkey zombies
  8 adders
  11 gnolls
  A howler monkey skeleton (D:8)
  A shadow imp (D:11)
  5 white imps (IceCv)
  8 ufetubi (IceCv)
  2 oozes
  2 adder skeletons
  2 worms
  A dart slug (D:1)
  5 giant geckos
  41 orcs
  5 giant cockroaches
  7 hobgoblins
  8 jackals (D:8)
  24 kobolds
  6 quokkas
  2 ball pythons (D:3)
  11 bats
  3 giant newts
  7 goblins
  A quokka skeleton (D:5)
  8 rats
  A plant (D:11)
336 creatures vanquished.

Vanquished Creatures (others)
  A white imp (IceCv)
  2 ufetubi (IceCv)
  2 plants (D:11)
5 creatures vanquished.

Grand Total: 341 creatures vanquished

Notes
Turn   | Place    | Note
--------------------------------------------------------------
     0 | D:1      | syage the Minotaur Fighter began the quest for the Orb.
     0 | D:1      | Reached XP level 1. HP: 19/19 MP: 0/0
   135 | D:1      | Reached XP level 2. HP: 22/27 MP: 1/1
   598 | D:2      | Found a shimmering altar of Xom.
   601 | D:2      | Reached XP level 3. HP: 31/33 MP: 2/2
   705 | D:2      | Reached skill level 3 in Axes
   705 | D:2      | HP: 1/33 [gnoll/spear (5)]
   710 | D:2      | Reached skill level 1 in Dodging
   798 | D:2      | Reached XP level 4. HP: 39/41 MP: 3/3
  1102 | D:3      | Found a burning altar of Makhleb.
  1102 | D:3      | Found a glowing silver altar of Zin.
  1103 | D:3      | Noticed an angel
  1103 | D:3      | Noticed an Executioner
  1361 | D:3      | Found a basalt altar of Yredelemnul.
  2087 | D:4      | Reached XP level 5. HP: 44/47 MP: 4/4
  2159 | D:4      | Found a blossoming altar of Fedhas.
  2297 | D:4      | Reached skill level 5 in Armour
  2417 | D:4      | Noticed Duvessa
  2417 | D:4      | Noticed Dowan
  2430 | D:4      | Killed Duvessa
  2436 | D:4      | Killed Dowan
  2436 | D:4      | Reached skill level 4 in Axes
  2436 | D:4      | Reached XP level 6. HP: 51/55 MP: 5/5
  2644 | D:4      | Found a sacrificial altar of Ru.
  2708 | D:4      | Reached skill level 5 in Fighting
  2810 | D:5      | Entered Level 5 of the Dungeon
  3339 | D:5      | Reached XP level 7. HP: 61/61 MP: 6/6
  3516 | D:5      | You fall through a shaft!
  3523 | D:6      | Found Ogaofem's Gadget Emporium.
  3734 | D:5      | Reached skill level 5 in Axes
  3737 | D:5      | Found a glowing golden altar of the Shining One.
  3739 | D:5      | Found a shattered altar of Ashenzari.
  3749 | D:5      | Found a radiant altar of Vehumet.
  4004 | D:6      | Found a sparkling altar of Nemelex Xobeh.
  4078 | D:6      | Reached skill level 5 in Dodging
  4089 | D:6      | Found a staircase to the Ecumenical Temple.
  4108 | Temple   | Entered the Ecumenical Temple
  4280 | D:6      | Reached XP level 8. HP: 56/69 MP: 7/7
  4284 | D:6      | Found a stormy altar of Qazlal.
  4781 | D:7      | Reached skill level 6 in Axes
  5002 | D:7      | Found an iron altar of Okawaru.
  5007 | D:7      | Became a worshipper of Warmaster Okawaru
  5082 | D:7      | Reached skill level 1 in Stealth
  5088 | D:7      | Reached * piety under Okawaru
  5088 | D:7      | Reached XP level 9. HP: 14/77 MP: 8/8
  5091 | D:7      | Reached skill level 7 in Axes
  5441 | D:7      | Gained mutation: Your mind is acute. (Int +2) [mutagenic meat]
  5442 | D:7      | Gained mutation: You passively map a small area around you. [mutagenic meat]
  5443 | D:7      | Gained mutation: You occasionally shout uncontrollably at your foes. [mutagenic meat]
  5444 | D:7      | Gained mutation: Your magical capacity is low (-10% MP). [mutagenic meat]
  5460 | D:7      | Reached skill level 8 in Axes
  6068 | D:8      | Reached ** piety under Okawaru
  6072 | D:8      | Reached skill level 9 in Axes
  6133 | D:8      | Reached skill level 5 in Shields
  6344 | D:8      | Found an oddly glowing altar of Pakellas.
  6789 | D:9      | Reached XP level 10. HP: 86/86 MP: 8/8
  6824 | D:9      | Reached *** piety under Okawaru
  6830 | D:9      | Found Fuprur's Armour Emporium.
  7030 | D:9      | Reached skill level 10 in Axes
  7615 | D:10     | Entered Level 10 of the Dungeon
  7691 | D:10     | Reached **** piety under Okawaru
  7706 | D:10     | Gained mutation: Potions and wands are less effective at restoring your health. [mutagenic meat]
  7718 | D:10     | Reached skill level 11 in Axes
  8251 | D:11     | Noticed a gargoyle
  8265 | D:11     | Killed a gargoyle
  8303 | D:11     | Noticed a hill giant
  8313 | D:11     | Killed a hill giant
  8313 | D:11     | Reached XP level 11. HP: 47/95 MP: 8/8
  8320 | D:11     | Reached ***** piety under Okawaru
  8337 | D:11     | Noticed a hill giant
  8345 | D:11     | Killed a hill giant
  8415 | D:11     | Reached skill level 12 in Axes
  8594 | D:11     | Received a gift from Okawaru
  8980 | D:11     | Found a staircase to the Lair.
  9361 | D:11     | Noticed a hill giant
  9373 | D:11     | Killed a hill giant
  9442 | D:11     | Gained mutation: You expend magic power (3 MP) to strengthen your wands. [potion of mutation]
  9446 | D:11     | Got a polished leather armour
  9447 | D:11     | Identified the cursed +0 leather armour of Taill {Slay+2} (You found it on level 11 of the Dungeon)
  9454 | D:11     | Found a staircase to the Orcish Mines.
  9467 | D:11     | Found a roughly hewn altar of Beogh.
  9641 | Lair:1   | Entered Level 1 of the Lair of Beasts
  9641 | Lair:1   | Noticed a six-headed hydra
  9652 | Lair:1   | Killed a six-headed hydra
  9652 | Lair:1   | Reached skill level 13 in Axes
  9987 | Lair:1   | Reached skill level 10 in Armour
 10685 | Lair:2   | Got a flickering tin amulet
 10686 | Lair:2   | Identified the amulet "Fuconk" {Spirit rPois rC- Int+2 Stlth+} (You found it on level 2 of the Lair of Beasts)
 10711 | Lair:2   | Found a frozen archway.
 10776 | IceCv    | Entered an ice cave
 10869 | IceCv    | HP: 1/97 [something (13)]
 11163 | IceCv    | Reached XP level 12. HP: 68/105 MP: 5/9
 11340 | IceCv    | HP: 1/105 [ice devil (17)]
 11360 | IceCv    | HP: 5/105 [ice devil (9)]
 11360 | IceCv    | Demolished by an ice devil

Vault maps used:
D:1:      dpeg_arrival_stone_temple_mockup, hangedman_decor_points,
          minmay_misc_feat_plants
D:2:      old_standard_altar, minmay_statues_item
D:3:      grunt_temple_overflow_order_and_chaos_2,
          lemuel_coloured_pillars_altar, first_bread, minmay_door_square
D:4:      fedhas_altar_3, nicolae_ru_path_of_blood, uniq_duvessa
D:5:      grunt_temple_overflow_diamond
D:6:      nemelex_deck, minmay_temple_entry_overgrown, serial_shops, shop,
          grunt_qazlal_clouds
D:7:      marbit_many_paths, sigmund_army
D:8:      grunt_pakellas_sulfur
D:9:      serial_shops, nicolae_shop_temple_entry_statues_fountains
D:11:     david_lair_shrubbed, minmay_orc_entry_temple_small
D:12:     serial_shops, shop_statue
Temple:   pf_slime_end_temple
Lair:1:   st_stairs_6
Lair:2:   portal_ice_cave_entry_ice_beasts, beast_lair_carwin_2,
          grunt_megastairs_5, serial_bayou_shore_b
IceCv:    ice_cave_small_demon

Skill      XL: |  1  2  3  4  5  6  7  8  9 10 11 |
---------------+----------------------------------+-----
Armour         | 4 5 6 7 8 9 10 | 10.2
Fighting       | 4 5 6 7 8 9 |  9.6
Axes           | 3 4 5 6 9 11 13 | 13.9
Dodging        | 1 2 3 4 5 7 8 9 |  9.6
Stealth        | 1 |  1.2
Shields        | 5 7 9 |  9.3

Action                   |  1- 3 |  4- 6 |  7- 9 | 10-12 || total
-------------------------+-------+-------+-------+-------++-------
Melee: War axe           |    68 |   137 |    51 |       ||   256
       Broad axe         |       |       |   287 |   546 ||   833
       Demon trident     |       |       |       |     8 ||     8
Invok: Heroism           |       |       |       |     1 ||     1
  Use: Potion            |     1 |       |       |     8 ||     9
       Scroll            |       |       |    13 |    12 ||    25
  Eat: Chunk             |       |     8 |    16 |    13 ||    37
       Fruit             |       |       |       |     3 ||     3
       Beef jerky        |       |       |       |     1 ||     1
